 Dungeon Crawl Stone Soup version 0.31.0-32-g396128a36d (webtiles) character file.

Game seed: 9757542099517522972

856 TacoSundae the Changeling (level 8, -6/37 HPs)
             Began as a Vine Stalker Shapeshifter on Apr 5, 2024.
             Mangled by an iguana (7 damage)
             ... on level 5 of the Dungeon on Apr 6, 2024.
             The game lasted 00:09:18 (3986 turns).

TacoSundae the Changeling (VSSh)                    Turns: 3986, Time: 00:09:20

Health: -6/37      AC:  6    Str: 18    XL:     8   Next: 2%
Magic:  0/9        EV: 11    Int: 10    God:
Gold:   179        SH:  0    Dex: 15    Spells: 7/7 levels left

rFire   . .          .
                       - Unarmed
rCold   . . .        (no shield)
rNeg    . . .        g - +1 ring mail
rPois   .            (helmet currently unavailable)
rElec   .            (cloak currently unavailable)
rCorr   .            (gloves currently unavailable)
SInv    .            (boots currently unavailable)
Will    +....        (no amulet)
Stlth   +            (no ring)
HPRegen 1.06/turn    (no ring)
MPRegen 0.11/turn

%: guardian spirit
@: beast-form
A: beast (slay +4), fangs 3, regeneration 1, magic shield, antimagic bite, no
potion heal 2
a: Begin Untransformation


You were on level 5 of the Dungeon.
You were a hulking beast.
You visited 1 branch of the dungeon, and saw 5 of its levels.

You collected 179 gold pieces.

Inventory:

Armour
 e - a +0 pair of gloves
 g - a +1 ring mail (worn)
Jewellery
 n - a ring of willpower
Talismans
 c - a beast talisman (active)
 d - a flux talisman
 l - a storm talisman
Scrolls
 k - a scroll of enchant armour
Potions
 a - a potion of brilliance
 h - 5 potions of curing
 i - a potion of haste
 j - 2 potions of might
 m - a potion of attraction
 o - a potion of mutation


   Skills:
 + Level 0.8 Fighting
 + Level 1.5 Dodging
 * Level 5.8 Unarmed Combat
 + Level 7.2 Shapeshifting


You had 7 spell levels left.
You didn't know any spells.
Your spell library contained the following spells:

 Spells                   Type           Power      Damage    Failure   Level
 Blink                    Tloc           0%         N/A       71%         2
 Ensorcelled Hibernation  Hex/Ice        0%         N/A       71%         2
 Lesser Beckoning         Tloc           0%         N/A       71%         2
 Momentum Strike          Conj/Tloc      0%         3d8       71%         2
 Passwall                 Erth           0%         N/A       90%         3
 Swiftness                Air            0%         N/A       90%         3


Dungeon Overview and Level Annotations

Branches:
Dungeon (5/15)
 Temple: D:4-7

Altars:
Kikubaaqudgha
Ru
Xom
Zin

Shops:
D:5 [(

Annotations:
D:4 2 transporters, tdog's ghost, amateur SpBr


Innate Abilities, Weirdness & Mutations

You are a hulking beast.
Your limbs bulge with bestial killing power. (Slay +4)
You have razor-sharp teeth.
Your natural rate of healing is unusually fast.
When hurt, damage is shared between your health and your magic reserves.
Your bite disrupts and absorbs the magic of your enemies.
Potions cannot restore your health.


Message History

There is a stone staircase leading up, spattered with blood here.
You hit the iguana. You punch the iguana. You bite the iguana.
You drain its power.
The iguana is severely wounded.
The iguana misses you.
You hit the iguana.
You kill the iguana!
You have reached level 8!
You feel stronger.
Your teeth grow very long and razor-sharp.
Unknown command.
Okay, then.
Unknown command.
Throw: 2 darts (poison)
Press: ? - help, Q - select action Shift-Dir - straight line, f - ogre
Aim: an ogre, wielding a +0 giant club (75% to hit)
You throw a poisoned dart. The poisoned dart hits the ogre.
The ogre is poisoned.
Throw: dart (poison)
Press: ? - help, Q - select action Shift-Dir - straight line, f/p - ogre
Aim: an ogre, wielding a +0 giant club (lightly wounded, poisoned, 75% to hit)
You throw a poisoned dart.
The poisoned dart barely misses the ogre.
You barely miss the ogre. You bite the ogre. You drain its power.
The ogre is lightly wounded.
The ogre completely misses you.
You closely miss the ogre.
The ogre is moderately wounded.
You barely miss the ogre.
The ogre is moderately wounded.
The ogre hits you with a +0 giant club!!
Ouch! That really hurt!
The iguana barely misses you.
You hit the ogre but do no damage. You bite the ogre! You drain its power.
You feel invigorated.
The ogre is severely wounded.
The ogre hits you with a +0 giant club!!
* * * LOW HITPOINT WARNING * * *
The iguana bites you!
You die...

#..........#
#..(.......
........###
#.........#
#####.#.......#
......(.......#
......#.......#
...l. #lO.....#
O... #.h.....#
... #.......#
.. #.......# .
##....###
#....# #....#
######


You could see an ogre (poisoned) and an iguana.

Vanquished Creatures
  An ogre (D:4)
  2 scorpions (D:4)
  2 necrophages (D:4)
  A water moccasin zombie (D:4)
  A bombardier beetle (D:5)
  A hound (D:5)
  A centaur zombie (D:4)
  A jelly (D:4)
  A human zombie (D:4)
  3 iguanas
  A scorpion zombie (D:4)
  2 orc wizards (D:4)
  A hound zombie (D:4)
  4 adders
  2 shadow imps (D:4)
  2 adder zombies (D:4)
  An adder skeleton (D:4)
  2 ribbon worms (D:2)
  2 dart slugs
  10 orcs
  10 ball pythons
  A bat (D:1)
  9 endoplasms
  4 giant cockroaches
  7 goblins
  7 hobgoblins
  2 jackals (D:3)
  6 kobolds
  3 quokkas
  2 frilled lizards (D:1)
  6 rats
98 creatures vanquished.

Notes
Turn   | Place    | Note
-------+----------+-------------------------------------------
     0 | D:1      | TacoSundae the Vine Stalker Shapeshifter began the quest
                  | for the Orb.
     0 | D:1      | Reached XP level 1. HP: 9/9 MP: 2/2
   188 | D:1      | Reached XP level 2. HP: 14/14 MP: 3/3
   415 | D:1      | Found a faded altar of an unknown god.
   442 | D:1      | Reached XP level 3. HP: 17/17 MP: 4/4
  1895 | D:3      | Reached XP level 4. HP: 20/21 MP: 5/5
  2018 | D:3      | Found a shimmering altar of Xom.
  2018 | D:3      | Found a sacrificial altar of Ru.
  2101 | D:3      | Reached skill level 4 in Shapeshifting
  2119 | D:3      | Found a glowing silver altar of Zin.
  2820 | D:4      | Noticed an ogre
  2828 | D:4      | Killed an ogre
  2829 | D:4      | Reached XP level 5. HP: 25/25 MP: 4/6
  2905 | D:4      | Reached skill level 5 in Unarmed Combat
  2945 | D:4      | Reached XP level 6. HP: 29/29 MP: 7/7
  3085 | D:4      | Noticed tdog's ghost (amateur SpBr)
  3124 | D:4      | Reached skill level 5 in Shapeshifting
  3169 | D:4      | Found a transporter.
  3235 | D:4      | Found a transporter.
  3534 | D:4      | Reached XP level 7. HP: 26/32 MP: 8/8
  3572 | D:4      | Reached skill level 6 in Shapeshifting
  3578 | D:4      | Found an ancient bone altar of Kikubaaqudgha.
  3845 | D:5      | Entered Level 5 of the Dungeon
  3845 | D:5      | Found Beoqakk's Antique Weapon Boutique.
  3845 | D:5      | Found Cinlahu's Armour Shop.
  3919 | D:4      | Reached skill level 7 in Shapeshifting
  3981 | D:5      | Gained mutation: You have razor-sharp teeth. [Vine Stalker
                  | growth]
  3981 | D:5      | Reached XP level 8. HP: 37/37 MP: 9/9
  3986 | D:5      | HP: 1/37 [ogre/+0 giant club (17)]
  3986 | D:5      | Mangled by an iguana

Illustrated notes

Levels and vault maps discovered:
D:1:      ncdulo_watergridlock, layout_basic, nicolae_ecumenical_snake_handling
D:2:      layout_basic, dreamdust_wishing_well
D:3:      layout_loops_ring, mainiacjoe_overflow_alcove_2,
          mainiacjoe_overflow_large_starburst, glass_columns_b,
          grunt_ministairs_14, feat_on_display
D:4:      layout_gridville, lemuel_mausoleum_altar_kikubaaqudgha,
          gammafunk_ghost_mausoleum
D:5:      layout_basic, nicolae_uskayaw_murder_on_the_dancefloor,
          minmay_temple_entry_poolview, serial_shops, shop, shop, shop, shop,
          uniq_sigmund

Skill      XL: |  1  2  3  4  5  6  7 |
---------------+----------------------+-----
Unarmed Combat | 4 5 |  5.8
Shapeshifting  | 4 5 7 |  7.2
Fighting       | |  0.8
Dodging        | |  1.5

Action                     |  1- 3 |  4- 6 |  7- 9 || total
---------------------------+-------+-------+-------++-------
  Melee: Unarmed           |    80 |   102 |    64 ||   246
         Bite              |    21 |    28 |    25 ||    74
         Punch             |     3 |     2 |     6 ||    11
  Throw: Dart              |       |       |     5 ||     5
    Use: Potion            |       |     1 |       ||     1
         Scroll            |       |    11 |     1 ||    12
 Armour: Animal skin       |    15 |       |       ||    15
         Ring mail         |    15 |    44 |    38 ||    97
         Skin              |       |     3 |       ||     3
  Dodge: Dodged            |    30 |    34 |    33 ||    97
   Form: Storm             |       |     1 |       ||     1
         Beast             |       |     1 |       ||     1
